 Dungeon Crawl Stone Soup version 0.31.0 (webtiles) character file.

Game seed: 15327283559464399577

31 Arcadio the Trooper (level 3, -1/49 HPs)
             Began as a Minotaur Berserker on Jan 19, 2024.
             Was a Follower of Trog.
             Succumbed to an adder's poison
             ... on level 2 of the Dungeon.
             The game lasted 00:01:16 (1139 turns).

Arcadio the Trooper (Minotaur Berserker)            Turns: 1139, Time: 00:01:17

Health: -1/49      AC:  2    Str: 23    XL:     3   Next: 7%
Magic:  2/2        EV: 12    Int:  4    God:    Trog [*.....]
Gold:   86         SH:  0    Dex:  9    Spells: 2/2 levels left

rFire   . . .        a - +0 hand axe
rCold   . . .        (no shield)
rNeg    . . .        b - +0 animal skin
rPois   .            (helmet restricted)
rElec   .            (no cloak)
rCorr   .            (no gloves)
SInv    .            (no boots)
Will    .....        (no amulet) Stlth
                     (no ring)
HPRegen 0.28/turn    (no ring)
MPRegen 0.08/turn

%: no passive effects
@: berserking, lethally poisoned (-1 -> -7), very quick
A: horns 2, retaliatory headbutt
a: Renounce Religion, Berserk


You were on level 2 of the Dungeon.
You worshipped Trog.
Trog was aware of your devotion.
You visited 1 branch of the dungeon, and saw 2 of its levels.

You collected 86 gold pieces.

Inventory:

Hand Weapons
 a - a +0 hand axe (weapon)
Armour
 b - a +0 animal skin (worn)
Scrolls
 e - 2 scrolls of identify {unknown}
 f - a scroll of noise {unknown}
Potions
 c - a potion of mutation {unknown}
 d - a potion of cancellation {unknown}


   Skills:
 + Level 4.2 Fighting
 + Level 4.2 Axes
 + Level 3.2 Armour
 - Level 2.1 Dodging


You had 2 spell levels left.
You didn't know any spells.
Your spell library was empty.

Dungeon Overview and Level Annotations

Branches:
Dungeon (2/15) Zot: 10855

Altars:


Innate Abilities, Weirdness & Mutations

You have a pair of horns on your head.
You reflexively headbutt those who attack you in melee.


Message History

Trog accepts your kill.
Things that are here:
a +0 whip; 2 stones; a kobold corpse You miss the adder.
The adder bites you.
You are poisoned.
The adder poisons you! The adder bites you but does no damage.
You completely miss the adder.
You feel sick. The adder bites you.
You completely miss the adder.
You feel sick. The adder bites you.
You closely miss the adder.
You feel sick. The adder misses you. The adder barely misses you.
You furiously retaliate!
You headbutt the adder. You miss the adder.
The adder is lightly wounded.
You feel sick. The adder barely misses you. You furiously retaliate!
You headbutt the adder. You barely miss the adder.
Your headbutt misses the adder.
The adder is moderately wounded.
You feel sick.
You are no longer poisoned.
The adder bites you but does no damage.
You barely miss the adder.
The adder is moderately wounded.
The adder bites you. The adder barely misses you.
You completely miss the adder. You headbutt the adder.
The adder is severely wounded.
The adder closely misses you. You furiously retaliate!
You headbutt the adder. You miss the adder. Your headbutt misses the adder.
The adder is severely wounded.
The adder bites you.
* * * LOW HITPOINT WARNING * * *
The adder bites you.
* * * LOW HITPOINT WARNING * * *
A red film seems to cover your vision as you go berserk!
You feel yourself moving faster!
You feel mighty! The adder bites you.
* * * LOW HITPOINT WARNING * * *
You are lethally poisoned!
The adder poisons you!
You slash the adder!
You kill the adder!
Trog accepts your kill.
You die...

....# ##.####
###..###.)####
#.........#
##.#.####.#
#.#.# .. #.#.#
... #.#.. #.
..#.####.###.##
#......@†.....#
..#.###†..###...
#.### #.# ..#
.## .#


There were no monsters in sight!

Vanquished Creatures
  An adder (D:2)
  2 dart slugs
  2 endoplasms (D:1)
  3 giant cockroaches (D:1)
  3 hobgoblins
  3 quokkas (D:1)
  2 ball pythons (D:1)
  2 bats (D:1)
  A frilled lizard (D:1)
  4 goblins
  A kobold (D:2)
  2 rats
26 creatures vanquished.

Notes
Turn   | Place    | Note
-------+----------+-------------------------------------------
     0 | D:1      | Arcadio the Minotaur Berserker began the quest for the Orb.
     0 | D:1      | Reached XP level 1. HP: 19/19 MP: 0/0
   234 | D:1      | HP: 1/20 [quokka (4)]
   336 | D:1      | Reached XP level 2. HP: 27/27 MP: 1/1
  1126 | D:2      | Reached XP level 3. HP: 22/33 MP: 2/2
  1138 | D:2      | HP: 1/49 [adder (3)]
  1139 | D:2      | Succumbed to an adder's poison

Illustrated notes

Levels and vault maps discovered:
D:1:      dpeg_arrival_round_b, layout_basic
D:2:      layout_rooms, basic_altar, chequers_ecumenical_altar_simple, hex_tiny

Skill      XL: |  1  2 |
---------------+-------+-----
Fighting       | 4 |  4.2
Axes           | 4 |  4.2
Armour         | 3 |  3.2
Dodging        | |  2.1

Action                     || total
---------------------------++-------
  Melee: Hand axe          ||    58
         Headbutt          ||     4
         Punch             ||     1
 Invoke: Berserk           ||     1
   Stab: Sleeping          ||     1
 Armour: Animal skin       ||    39
  Dodge: Dodged            ||    31
